Map: Automaton LE

Players

Neeb

  • Race: Protoss Protoss
  • League: Master
  • Spawn Location: 3:00

scarlett - Winner!

  • Race: Zerg Zerg
  • League: Master
  • Spawn Location: 9:00

Event: 2019 WCS Winter Americas

VOD

Have the link to the VOD?

Description

Time

  • Played on: April 6, 2019, 5:26 p.m.
  • Length: 5:11

All games in this series

Show
View Real Time Build Order
Export as new Build Order

Neeb Protoss 

Build Orders: 1 Gate Expand, Oracle Opening 

Get SALT Encoding   

  12  0:00  Probe  
  13  0:12  Probe  
  14  0:18  Pylon  
  14  0:24  Probe  
  15  0:30  Assimilator  
  15  0:33  Probe  
  16  0:43  Probe  
  16  0:45  Gateway  
  17  0:54  Probe  
  18  1:06  Probe  
  19  1:18  Probe  
  20  1:26  Nexus  
  20  1:34  Cybernetics Core  
  20  1:38  Probe  
  21  1:42  Assimilator  
  21  1:50  Probe  
  21  1:53  Pylon  
  22  2:01  Adept  
  22  2:02  Probe  
  23  2:14  Probe  
  26  2:19  Stargate  
  26  2:21  Adept  
  26  2:24  Warp Gate  
  26  2:26  Probe  
  29  2:38  Probe x2  
  31  2:50  Probe x2, Adept  
  35  2:52  Oracle  
  35  3:02  Probe  
  35  3:03  Probe  
  40  3:14  Probe  
  40  3:15  Probe  
  40  3:21  Gateway  
  40  3:22  Stalker  
  40  3:26  Pylon  
  42  3:29  Probe  
  42  3:32  Void Ray  
  43  3:44  Gateway  
  43  3:48  Probe x2  
  49  3:59  Shield Battery x2  
  49  4:07  Gateway  
  49  4:11  Sentry  
  51  4:18  Gateway  
  51  4:25  Probe  
  50  4:33  Zealot  
  51  4:45  Zealot  
  48  4:59  Zealot  
  41  5:02  Zealot  
Show
View Real Time Build Order
Export as new Build Order

scarlett Zerg - Winner!

Build Orders: Pool First 

Get SALT Encoding   

  12  0:00  Drone  
  13  0:12  Overlord  
  13  0:17  Drone  
  14  0:30  Drone  
  14  0:31  Drone  
  14  0:35  Drone  
  17  0:44  Extractor  
  17  0:45  Drone  
  17  0:50  Spawning Pool  
  17  0:55  Drone  
  17  1:06  Drone  
  18  1:19  Hatchery  
  18  1:23  Drone  
  18  1:29  Drone  
  19  1:38  Queen  
  21  1:42  Zergling x2  
  22  1:48  Metabolic Boost  
  22  1:55  Overlord  
  22  2:16  Drone x2  
  22  2:22  Lair  
  24  2:30  Queen  
  26  2:37  Drone x3  
  29  2:46  Zergling x8  
  33  2:53  Zergling x2  
  33  2:54  Zergling x2  
  35  3:04  Overlord  
  34  3:09  Spore Crawler  
  33  3:13  Zergling x4  
  35  3:20  Nydus Network  
  35  3:22  Queen  
  35  3:23  Zergling x2  
  35  3:24  Zergling x2  
  38  3:28  Zergling x4  
  40  3:34  Overlord  
  40  3:42  Zergling x4  
  42  3:54  Zergling x10  
  47  3:58  Nydus Canal  
  47  4:04  Zergling x2  
  47  4:05  Zergling x2  
  47  4:08  Zergling x2  
  50  4:11  Nydus Canal, Zergling x2  
  51  4:18  Zergling x2  
  51  4:22  Zergling x2  
  52  4:25  Nydus Canal  
  46  4:34  Zergling x8  
  46  4:36  Zergling x2  
  49  4:47  Zergling x4  
Tags
 
Add a new tag
Caveats
  • Supply blocks, unpowered buildings, or Contaminate may cause inaccurate times.
  • Supply counts are checked every 10 seconds.